 Dungeon Crawl Stone Soup version 0.18.1-48-g4cf74bf (webtiles) character file.

109386 kobby the Peltast (level 17, -5/135 HPs)
             Began as a Formicid Fighter on July 2, 2016.
             Was the Champion of Makhleb.
             Slain by a merfolk
             ... wielding a +0 trident
              (8 damage)
             ... on level 2 of the Shoals.
             The game lasted 02:30:33 (28418 turns).

kobby the Peltast (Formicid Fighter)               Turns: 28418, Time: 02:31:01

Health: -5/135     AC: 21    Str: 21    XL:     17   Next: 7%
Magic:  20/20      EV:  9    Int:  9    God:    Makhleb [******]
Gold:   168        SH: 27    Dex: 14    Spells: 0 memorised, 19 levels left

rFire  + . .     SeeInvis +     F - +14 plutonium sword {*Contam Stlth-}
rCold  + . .     Gourm    .     c - +0 plate armour of Xywn {rF+ rC+ Str-2}
rNeg   . . .     Faith    .     m - +2 large shield
rPois  .         Spirit   .     (helmet unavailable)
rElec  +         Dismiss  .     B - +0 cloak
rCorr  .         Reflect  +     Y - +2 pair of gloves
SustAt .         Harm     .     e - +0 pair of boots
MR     ++++.                    n - +4 amulet of reflection
Stlth  ..........               W - ring "Busestod" {+Fly MR++}
                                v - ring of protection from magic

@: lethally poisoned (-5 -> -40), incredibly resistant to hostile enchantments,
extremely unstealthy
A: permanent stasis, dig shafts and tunnels, four strong arms, antennae 3,
electricity resistance
a: Dig, Shaft Self, Minor Destruction, Lesser Servant of Makhleb, Major
Destruction, Greater Servant of Makhleb, Renounce Religion, Evoke Flight


You were on level 2 of the Shoals.
You worshipped Makhleb.
Makhleb was exalted by your worship.
You were not hungry.

You visited 5 branches of the dungeon, and saw 29 of its levels.

You collected 2164 gold pieces.
You spent 1996 gold pieces at shops.

Inventory:

Hand Weapons
 h - the +2 long sword of Evolution {slice, rPois MR+ SInv}
   (You found it on level 12 of the Dungeon)

   It inflicts extra damage upon your enemies.
   It protects you from poison.
   It affects your resistance to hostile enchantments.
   It lets you see invisible.
 r - a +2 long sword of flaming
 F - the +14 plutonium sword (weapon) {*Contam Stlth-}
   (You bought it in a shop on level 8 of the Dungeon)

   It causes magical contamination when unequipped.
   It makes you less stealthy.
Armour
 b - the +0 leather armour of Nokiufen {rPois Int+4}
   (You found it on level 1 of the Lair of Beasts)

   It affects your intelligence (+4).
   It protects you from poison.
 c - the +0 plate armour of Xywn (worn) {rF+ rC+ Str-2}
   (You found it on level 3 of the Shoals)

   It affects your strength (-2).
   It protects you from fire.
   It protects you from cold.
 e - a +0 pair of boots (worn)
 k - the +2 leather armour of Day {Regen+}
   (You found it on level 9 of the Dungeon)

   It increases your rate of regeneration.
 m - a +2 large shield (worn)
 o - the +3 scale mail "Olot" {rElec rCorr MP-9 Slay+2}
   (You found it on level 2 of the Orcish Mines)

   It affects your accuracy and damage with ranged weapons and melee attacks
   (+2).
   It insulates you from electricity.
   It affects your magic capacity (-9).
   It protects you from acid and corrosion.
 s - the +2 plate armour "Wezuzxeo" {rPois MR+ Stlth+}
   (You bought it in a shop on level 2 of the Orcish Mines)

   It protects you from poison.
   It affects your resistance to hostile enchantments.
   It makes you more stealthy.
 B - a +0 cloak (worn)
 S - the cursed +0 chain mail of Space {+Blink MP+9 Int+7}
   (You found it on level 6 of the Lair of Beasts)

   It affects your intelligence (+7).
   It affects your magic capacity (+9).
   It lets you blink.
   It has a curse placed upon it.
 Y - a +2 pair of gloves (worn)
Jewellery
 n - a +4 amulet of reflection (around neck)
 v - a ring of protection from magic (left hand)
 G - an uncursed ring of poison resistance
 I - an uncursed amulet of the gourmand
 T - an uncursed ring of ice
 W - the ring "Busestod" (right hand) {+Fly MR++}
   (You found it on level 7 of the Lair of Beasts)

   [ring of flight]

   It affects your resistance to hostile enchantments.
   It lets you fly.
Wands
 i - a wand of flame (25/48)
 t - a wand of digging (9/24)
 y - a wand of heal wounds (5/9)
 E - a wand of lightning (10/15)
 O - a wand of slowing (19/48)
 X - a wand of teleportation (3/9)
 Z - a wand of iceblast (5/15)
Scrolls
 j - 6 scrolls of remove curse
 l - a scroll of recharging
 u - 2 scrolls of fear
 N - a scroll of enchant armour
 Q - 3 scrolls of magic mapping
 R - 2 scrolls of identify
Potions
 d - 5 potions of might
 g - 5 potions of curing
Comestibles
 f - 9 bread rations
 w - 6 meat rations


   Skills:
 + Level 12.4 Fighting
 * Level 16.8 Long Blades
   Level 1.5 Bows
 + Level 2.0 Throwing
 + Level 11.3 Armour
 * Level 6.0 Dodging
 - Level 3.1 Stealth
 - Level 17.3 Shields
 + Level 1.9 Unarmed Combat
 + Level 1.9 Spellcasting
 - Level 4.3 Invocations
 - Level 3.9 Evocations


You had 19 spell levels left.
You didn't know any spells.

Dungeon Overview and Level Annotations

Branches:
Dungeon (15/15)            Temple (0/1) D:5            Lair (8/8) D:9
 Shoals (3/4) Lair:3       Spider (1/4) Lair:4        Slime (0/6) Lair:7
    Orc (2/2) D:12            Elf (0/3) Orc:2        Vaults (0/5) D:13
 Depths (0/5) D:15

Altars:
Ashenzari
Cheibriados
Gozag
Makhleb
Nemelex Xobeh
Okawaru
Pakellas
Vehumet
Yredelemnul
Zin
The Shining One
Beogh
Jiyva

Shops:
D:8 =([(   Orc:1 }   Orc:2 }:[(   Shoals:2 }*   Shoals:3 [

Annotations:
Shoals:3 Mara
Spider:1 Frances


Innate Abilities, Weirdness & Mutations

You are under a permanent stasis effect.
You can dig through walls and to a lower floor.
Your four strong arms can wield two-handed weapons with a shield.
You have a pair of large antennae on your head (SInv).
You are resistant to electric shocks.


Message History

* * * LOW HITPOINT WARNING * * *
x2 The merfolk barely misses you.
The merfolk impaler hits you but does no damage.
You are more poisoned.
You block the merfolk's attack.
The faun shoots a stone.
You reflect the stone off an invisible shield around you!
The stone hits the merfolk impaler!!
You enter the shallow water.
Moving in this stuff is going to be slow.
* * * LOW HITPOINT WARNING * * *
You feel very sick.
Your neqoxec completely misses the merfolk impaler.
The merfolk closely misses you. You block the merfolk's attack.
You block the merfolk impaler's attack.
The merfolk impaler hits you from afar with a demon trident of venom!!
* * * LOW HITPOINT WARNING * * *
The merfolk hits your neqoxec with a spear.
The hippogriff barely misses you. You block the hippogriff's attack. x2
The merfolk hits you from afar with a trident!
You die...

≈≈≈≈≈≈≈≈≈≈≈...≈≈≈≈≈≈≈≈≈≈
≈≈≈≈≈≈≈≈≈≈.....≈≈≈≈≈≈≈≈≈≈
≈≈≈≈≈≈≈≈≈.......≈≈≈≈≈≈≈≈≈≈≈≈
≈≈≈≈≈≈≈.........≈≈≈≈≈≈≈≈≈≈≈≈
≈≈≈≈≈≈..........≈≈≈≈≈≈(≈≈≈≈≈
≈≈≈≈≈...≈≈≈.....≈≈≈≈≈≈≈≈≈≈≈≈
≈≈≈≈...≈≈≈≈≈.[..≈≈≈≈≈≈≈≈≈≈≈≈
≈≈≈≈.....∩≈≈...>≈≈≈≈≈(.(≈≈≈≈
≈≈≈≈...≈≈≈≈≈...@≈m.c(....≈≈.
≈≈≈≈≈≈≈.≈≈≈.≈≈≈H.m3.∩....c$.
≈≈≈≈≈≈≈.≈≈).≈≈mm.mm4.c......
≈≈≈≈....≈≈.....≈..m.(.......
≈≈≈≈....≈≈.....≈≈(.(..()....
≈≈)≈...≈≈≈≈....≈≈≈≈≈≈≈≈.....
≈≈≈≈≈.≈≈≈≈≈≈≈≈≈≈≈≈≈≈≈≈).....
≈≈≈≈..≈≈≈≈≈≈≈≈≈≈...≈≈≈≈(....
≈≈≈≈≈≈≈≈.≈≈≈≈≈≈..##≈≈≈≈≈....


You could see 2 merfolk impalers, 5 merfolk, 2 fauns, a hippogriff, a friendly
hellwing and a friendly neqoxec.

Vanquished Creatures
  A frost giant (Lair:7)
  An orc warlord (Orc:2)
  2 yaktaur captains
  Fannar (D:10)
  The ghost of whitenoisemaker the Grappler, a journeyman TrFi of Qazlal (Orc:1)
  A hydra (Lair:3)
  3 centaur warriors
  A catoblepas (Lair:8)
  A ghost crab (Lair:6)
  3 tengu warriors
  An orc high priest (Orc:2)
  16 death yaks
  A deep troll shaman (Lair:8)
  Sonja (D:10)
  3 unseen horrors
  4 hill giants
  5 orc knights
  4 griffons
  A wolf spider zombie (D:15)
  4 orc sorcerers
  9 ugly things
  A manticore (Shoals:2)
  A moth of wrath (Lair:8)
  A siren (Shoals:1)
  2 black mambas
  3 water nymphs
  7 elephants
  12 spiny frogs
  3 gargoyles
  5 rime drakes
  4 yaktaurs
  14 komodo dragons
  3 centaur skeletons
  2 tengu conjurers
  10 trolls
  A boulder beetle (Orc:2)
  A wind drake (Shoals:3)
  7 blink frogs
  2 two-headed ogres (Orc:2)
  3 snapping turtles (Shoals:2)
  8 slime creatures
  4 wyverns
  64 yaks
  4 basilisks
  3 wraiths
  11 hippogriffs
  4 hungry ghosts
  2 mottled dragons
  5 wargs
  11 water moccasins
  39 orc warriors
  16 porcupines
  2 black bears
  2 ice beasts
  2 wasps
  2 phantoms
  4 sky beasts
  13 centaurs
  3 eyes of draining
  19 ogres
  14 wolves
  17 crocodiles
  2 big kobolds
  17 giant frogs
  A wyvern skeleton (D:13)
  17 killer bees
  4 scorpions
  12 wights
  6 howler monkeys
  3 electric eels (Lair:8)
  8 crimson imps
  A quasit (D:8)
  A giant frog zombie (D:13)
  A centaur zombie (D:7)
  4 hounds
  20 orc priests
  A giant frog skeleton (D:12)
  Terence (D:2)
  10 iguanas
  21 orc wizards
  15 worker ants
  8 sheep (Lair:2)
  A hound zombie (D:6)
  2 hound skeletons
  A worker ant zombie (D:6)
  Robin (D:3)
  8 gnolls
  13 adders
  67 river rats
  2 shadow imps
  3 oozes
  3 adder zombies
  4 worms
  A dart slug (D:1)
  2 giant geckos
  100 orcs
  7 bats
  5 giant cockroaches
  20 goblins
  14 hobgoblins
  8 jackals
  21 kobolds
  A quokka (D:8)
  A giant gecko skeleton (D:6)
  8 giant newts
  A quokka skeleton (D:4)
  6 rats
  A fungus (Lair:6)
  A plant (Lair:7)
850 creatures vanquished.

Vanquished Creatures (collateral kills)
  An emperor scorpion (D:12)
  The ghost of rjaguar3 the Basher, a journeyman MiBe of Trog (D:11)
  5 hydras
  A merfolk avatar (Shoals:2)
  5 death yaks
  2 orc high priests (Orc:2)
  A lindwurm (Lair:8)
  A faun (Shoals:2)
  A troll (D:13)
  A polar bear (Lair:8)
  A hippogriff (D:13)
  8 orc warriors
  A centaur (D:14)
  4 wights (D:11)
  A howler monkey (D:13)
  6 orc priests (Orc:2)
  4 orc wizards
  A worker ant (D:13)
  10 orcs (Orc:2)
55 creatures vanquished.

Vanquished Creatures (others)
  A merfolk javelineer (Shoals:2)
  A faun (Shoals:2)
  A manticore (Shoals:2)
  A yaktaur (Shoals:2)
  5 centaurs
  A jelly (D:9)
  An orc (Orc:2)
  A kobold (D:8)
  2 bushes (Shoals:2)
  13 fungi
  20 plants
47 creatures vanquished.

Grand Total: 952 creatures vanquished

Notes
Turn   | Place    | Note
--------------------------------------------------------------
     0 | D:1      | kobby the Formicid Fighter began the quest for the Orb.
     0 | D:1      | Reached XP level 1. HP: 18/18 MP: 1/1
    64 | D:1      | Reached XP level 2. HP: 22/24 MP: 2/2
   293 | D:1      | Reached XP level 3. HP: 24/29 MP: 3/3
   509 | D:1      | Reached skill level 4 in Shields
   882 | D:2      | Noticed Terence
   906 | D:2      | Killed Terence
   906 | D:2      | Reached skill level 1 in Dodging
   906 | D:2      | Reached XP level 4. HP: 30/37 MP: 4/4
  1379 | D:2      | Reached XP level 5. HP: 30/42 MP: 5/5
  1707 | D:3      | Noticed Robin
  1747 | D:3      | Killed Robin
  2199 | D:3      | Noticed an ogre
  2210 | D:3      | Killed an ogre
  2210 | D:3      | Reached skill level 5 in Shields
  2210 | D:3      | Reached XP level 6. HP: 38/48 MP: 6/6
  2230 | D:3      | Found a burning altar of Makhleb.
  2235 | D:3      | Became a worshipper of Makhleb the Destroyer
  3029 | D:4      | Found a glowing silver altar of Zin.
  3082 | D:4      | Noticed an ogre
  3087 | D:4      | Killed an ogre
  3225 | D:5      | Entered Level 5 of the Dungeon
  3233 | D:5      | Reached XP level 7. HP: 51/54 MP: 7/7
  3268 | D:5      | Found a staircase to the Ecumenical Temple.
  3290 | D:5      | Found a shattered altar of Ashenzari.
  3386 | D:5      | Reached skill level 5 in Armour
  3422 | D:5      | Found a sparkling altar of Nemelex Xobeh.
  3423 | D:5      | Found an opulent altar of Gozag.
  4178 | D:6      | Reached skill level 6 in Shields
  4295 | D:6      | Reached * piety under Makhleb
  4315 | D:6      | Reached XP level 8. HP: 27/61 MP: 8/8
  4861 | D:6      | Found an oddly glowing altar of Pakellas.
  5080 | D:7      | Found a glowing golden altar of the Shining One.
  5082 | D:7      | Noticed an angel
  5093 | D:7      | Found a basalt altar of Yredelemnul.
  5095 | D:7      | Noticed a profane servitor
  5125 | D:7      | Reached skill level 5 in Fighting
  5159 | D:7      | Reached skill level 7 in Shields
  5210 | D:7      | Reached skill level 5 in Long Blades
  5390 | D:7      | Gained mutation: You are resistant to electric shocks. [potion of beneficial mutation]
  5729 | D:7      | Found an iron altar of Okawaru.
  5906 | D:7      | Reached XP level 9. HP: 68/68 MP: 9/9
  6046 | D:8      | Found Maneun's Jewellery Shop.
  6151 | D:8      | Found Ironu's Weapon Shoppe.
  6172 | D:8      | Found Vukkiasm's Weapon Shop.
  6189 | D:8      | Reached ** piety under Makhleb
  6415 | D:8      | Reached skill level 8 in Shields
  6544 | D:8      | You fall through a shaft!
  7433 | D:9      | Got a dazzling leather armour
  7444 | D:9      | Identified the +2 leather armour of Day {Regen+} (You found it on level 9 of the Dungeon)
  7776 | D:9      | Reached *** piety under Makhleb
  7859 | D:9      | Reached skill level 9 in Shields
  7864 | D:9      | Reached XP level 10. HP: 49/76 MP: 10/10
  7917 | D:9      | Noticed a komodo dragon
  7929 | D:9      | Killed a komodo dragon
  8307 | D:9      | Reached skill level 1 in Stealth
  8315 | D:9      | Reached skill level 1 in Invocations
  8447 | D:9      | Found a radiant altar of Vehumet.
  8480 | D:9      | Found a staircase to the Lair.
  8604 | Lair:1   | Entered Level 1 of the Lair of Beasts
  8687 | Lair:1   | Reached skill level 10 in Shields
  8744 | Lair:1   | Reached XP level 11. HP: 80/84 MP: 11/11
  8812 | Lair:1   | Reached **** piety under Makhleb
  8906 | Lair:1   | Got a scorched leather armour
  8917 | Lair:1   | Identified the +0 leather armour of Nokiufen {rPois Int+4} (You found it on level 1 of the Lair of Beasts)
  8995 | Lair:1   | Reached skill level 10 in Long Blades
  9578 | Lair:1   | Reached skill level 1 in Evocations
 10113 | Lair:2   | Reached ***** piety under Makhleb
 10128 | Lair:2   | Reached skill level 11 in Shields
 10494 | Lair:2   | Reached XP level 12. HP: 92/92 MP: 12/12
 10840 | Lair:2   | Reached skill level 12 in Shields
 11233 | Lair:3   | Found a staircase to the Shoals.
 11313 | Lair:3   | Noticed a six-headed hydra
 11334 | Lair:3   | Killed a six-headed hydra
 11360 | Lair:3   | Reached skill level 1 in Bows
 11360 | Lair:3   | Reached skill level 1 in Throwing
 11360 | Lair:3   | Reached skill level 1 in Unarmed Combat
 11360 | Lair:3   | Reached skill level 1 in Spellcasting
 11360 | Lair:3   | Reached XP level 13. HP: 89/100 MP: 13/15
 12189 | Lair:4   | Found a hole to the Spider Nest.
 12267 | Lair:4   | Reached skill level 13 in Shields
 13014 | Lair:5   | Noticed an eight-headed hydra
 13163 | D:10     | Entered Level 10 of the Dungeon
 13163 | D:10     | Noticed Fannar
 13176 | D:10     | Killed Fannar
 13266 | D:10     | Noticed Sonja
 13280 | D:10     | Killed Sonja
 13398 | D:10     | Found Huomeos's Weapon Shop.
 13863 | D:10     | Reached skill level 5 in Dodging
 13886 | D:10     | Reached ****** piety under Makhleb
 13972 | D:10     | Reached XP level 14. HP: 109/109 MP: 16/16
 14089 | D:10     | Reached skill level 10 in Fighting
 14856 | D:11     | Noticed rjaguar3's ghost (journeyman MiBe)
 14877 | D:11     | Killed rjaguar3's ghost
 14877 | D:11     | Reached skill level 10 in Armour
 15315 | D:12     | Reached skill level 14 in Shields
 15359 | D:12     | Found a staircase to the Orcish Mines.
 15624 | D:12     | Got an encrusted long sword
 15625 | D:12     | Identified the +2 long sword of Evolution {slice, rPois MR+ SInv} (You found it on level 12 of the Dungeon)
 15655 | D:12     | Found a roughly hewn altar of Beogh.
 16043 | D:13     | Found a gate to the Vaults.
 16715 | D:14     | Reached skill level 15 in Shields
 17399 | D:14     | Found a radiant altar of Vehumet.
 17504 | D:15     | Entered Level 15 of the Dungeon
 17504 | D:15     | Found a snail-covered altar of Cheibriados.
 17579 | D:15     | Reached XP level 15. HP: 117/117 MP: 17/17
 18011 | Orc:1    | Entered Level 1 of the Orcish Mines
 18092 | Orc:1    | Found a roughly hewn altar of Beogh.
 18154 | Orc:1    | Noticed whitenoisemaker's ghost (journeyman TrFi)
 18205 | Orc:1    | Killed whitenoisemaker's ghost
 18776 | D:8      | Found Liatut's Armour Boutique.
 18833 | D:8      | Bought the +14 plutonium sword {*Contam Stlth-} for 960 gold pieces
 19577 | D:15     | Found a staircase to the Depths.
 20735 | Lair:5   | Noticed a cacodemon
 21379 | Lair:5   | Reached skill level 16 in Shields
 21550 | Lair:6   | Got a transparent chain mail
 21551 | Lair:6   | Identified the cursed +0 chain mail of Space {+Blink MP+9 Int+7} (You found it on level 6 of the Lair of Beasts)
 22730 | Lair:7   | Noticed a frost giant
 22730 | Lair:7   | a death yak changed into a frost giant
 22769 | Lair:7   | Killed a frost giant
 22769 | Lair:7   | Reached skill level 15 in Long Blades
 22781 | Lair:7   | Reached XP level 16. HP: 126/126 MP: 19/19
 22994 | Lair:7   | Got a crude copper ring
 22998 | Lair:7   | Identified the ring "Busestod" {+Fly MR++} (You found it on level 7 of the Lair of Beasts)
 23005 | Lair:7   | Found a viscous altar of Jiyva.
 23006 | Lair:7   | Found a staircase to the Slime Pits.
 23452 | Lair:8   | Entered Level 8 of the Lair of Beasts
 25022 | Orc:1    | Found Deseo's Gadget Shoppe.
 25274 | Orc:2    | Entered Level 2 of the Orcish Mines
 25508 | Orc:2    | Got an obsidian-encrusted scale mail
 25509 | Orc:2    | Identified the +3 scale mail "Olot" {rElec rCorr MP-9 Slay+2} (You found it on level 2 of the Orcish Mines)
 25579 | Orc:2    | Reached skill level 17 in Shields
 25582 | Orc:2    | Found a staircase to the Elven Halls.
 26254 | Orc:2    | Found a roughly hewn altar of Beogh.
 26354 | Orc:2    | Found Qobai's Gadget Emporium.
 26384 | Orc:2    | Found Xuss's Book Shoppe.
 26646 | Orc:2    | Found a roughly hewn altar of Beogh.
 26724 | Orc:2    | Found Zaullotz's Antique Armour Shop.
 26762 | Orc:2    | Bought an ancient plate armour for 1036 gold pieces
 26762 | Orc:2    | Identified the +2 plate armour "Wezuzxeo" {rPois MR+ Stlth+} (You bought it in a shop on level 2 of the Orcish Mines)
 26859 | Orc:2    | Found Ryong's Weapon Shoppe.
 27414 | Spider:1 | Entered Level 1 of the Spider Nest
 27414 | Spider:1 | Noticed Frances
 27480 | Shoals:1 | Entered Level 1 of the Shoals
 27545 | Shoals:3 | Found Geylouq's Armour Shoppe.
 27603 | Shoals:3 | Noticed Mara
 27604 | Shoals:3 | Got an ichor-stained plate armour
 27623 | Shoals:2 | Found Uxengil's Gadget Emporium.
 27623 | Shoals:2 | Found Qeask's Assorted Antiques.
 27646 | Shoals:2 | Identified the +0 plate armour of Xywn {rF+ rC+ Str-2} (You found it on level 3 of the Shoals)
 27879 | Shoals:2 | Reached XP level 17. HP: 106/134 MP: 20/20
 28418 | Shoals:2 | HP: 3/135 [merfolk impaler/demon trident of venom (18)]
 28418 | Shoals:2 | Slain by a merfolk

Skill      XL: |  1  2  3  4  5  6  7  8  9 10 11 12 13 14 15 16 17 |
---------------+----------------------------------------------------+-----
Shields        | 4 5 6 7 9 10 11 12 13 15 16 17 | 17.3
Armour         | 4 5 6 7 8 9 10 11 | 11.3
Dodging        | 1 2 3 4 5 6 |  6.0
Fighting       | 4 5 6 7 8 9 10 11 12 | 12.4
Long Blades    | 3 4 5 7 9 11 12 13 15 16 | 16.8
Stealth        | 1 2 3 |  3.1
Invocations    | 1 2 3 4 |  4.3
Evocations     | 1 2 3 |  3.9
Bows           | 1 |  1.5
Throwing       | 1 2 |  2.0
Unarmed Combat | 1 |  1.9
Spellcasting   | 1 |  1.9

Action                   |  1- 3 |  4- 6 |  7- 9 | 10-12 | 13-15 | 16-18 || total
-------------------------+-------+-------+-------+-------+-------+-------++-------
Melee: Long sword        |   113 |   217 |   425 |       |   636 |       ||  1391
       Great sword       |       |       |   105 |   524 |   395 |       ||  1024
       Triple sword      |       |       |       |       |   272 |   620 ||   892
Throw: Tomahawk          |       |       |       |       |       |     2 ||     2
Invok: Lesser Servant of |       |       |     2 |     1 |    13 |     9 ||    25
       Greater Servant o |       |       |       |       |     3 |     6 ||     9
Evoke: Wand              |       |       |     3 |    22 |     3 |     1 ||    29
  Use: Scroll            |     1 |     6 |    13 |     4 |    13 |     9 ||    46
       Potion            |       |       |     9 |     3 |     3 |     4 ||    19
 Stab: Confused          |       |       |       |     1 |       |       ||     1
       Distracted        |       |       |       |       |     3 |     1 ||     4
       Petrified         |       |       |       |       |       |     1 ||     1
  Eat: Bread ration      |       |     1 |       |     1 |     3 |     2 ||     7
       Meat ration       |       |     1 |     2 |       |     3 |     2 ||     8
       Pizza             |       |       |     2 |       |     1 |     1 ||     4
       Fruit             |       |       |     4 |     4 |     9 |       ||    17
       Beef jerky        |       |       |     3 |     2 |     3 |     2 ||    10
Armor: Scale mail        |    57 |       |       |       |       |    25 ||    82
       Chain mail        |    20 |   109 |   104 |       |       |       ||   233
       Plate armour      |       |       |   181 |   197 |   288 |   120 ||   786
Dodge: Dodged            |    58 |    60 |   173 |   162 |   193 |   139 ||   785
Block: Shield            |    84 |   121 |   358 |   164 |       |       ||   727
       Large shield      |       |       |       |   414 |  1345 |   841 ||  2600
       Reflection        |       |       |       |       |    45 |    48 ||    93
